 Dungeon Crawl Stone Soup version 0.30.1-11-g7821555f0a (webtiles) character file.

Game seed: 9891967850525289010

160 lonewolfV2 the Trooper (level 5, 0/49 HPs)
             Began as a Hill Orc Fighter on Dec 6, 2023.
             Slain by a jelly (2 damage)
             ... on level 4 of the Dungeon.
             The game lasted 00:03:30 (2392 turns).

lonewolfV2 the Trooper (Hill Orc Fighter)           Turns: 2392, Time: 00:03:31

Health: 0/49       AC: -9    Str: 21    XL:     5   Next: 41%
Magic:  5/5        EV:  9    Int:  8    God:
Gold:   206        SH:  9    Dex: 10    Spells: 4/4 levels left

rFire   . . .        a - +0 war axe (flame)
rCold   . . .        c - +0 buckler
rNeg    . . .        b - +0 scale mail
rPois   .            (no helmet)
rElec   .            (no cloak)
rCorr   .            (no gloves)
SInv    +            (no boots)
Will    .....        m - amulet of reflection Stlth
                     k - ring of see invisible
HPRegen 0.28/turn    (no ring)
MPRegen 0.09/turn

%: reflection
@: corroded
A: no striking features
a: no special abilities


You were on level 4 of the Dungeon.
You visited 1 branch of the dungeon, and saw 4 of its levels.

You collected 206 gold pieces.

Inventory:

Hand Weapons
 a - a +0 war axe of flaming (weapon)
Armour
 b - a +0 scale mail (worn)
 c - a +0 buckler (worn)
Jewellery
 i - a ring of protection from cold
 k - a ring of see invisible (left hand)
 m - an amulet of reflection (around neck)
Scrolls
 d - a scroll of blinking
Potions
 e - a potion of flight {unknown}
 f - a potion of heal wounds {unknown}
 g - a potion of haste {unknown}
 h - 2 potions of lignification
 j - a potion of mutation {unknown}
 l - a potion of attraction
 n - a potion of might


   Skills:
 + Level 5.6 Fighting
 + Level 5.4 Axes
 - Level 3.2 Armour
 - Level 3.2 Shields


You had 4 spell levels left.
You didn't know any spells.
Your spell library contained the following spells:

 Spells                   Type           Power      Damage    Failure   Level
 Ensorcelled Hibernation  Hex/Ice        0%         N/A       91%         2
 Passwall                 Tmut/Erth      0%         N/A       91%         2
 Poisonous Vapours        Pois/Air       0%         N/A       91%         2
 Mephitic Cloud           Conj/Pois/Air  0%         N/A       99%         3
 Spider Form              Tmut/Pois      0%         N/A       99%         3
 Swiftness                Air            0%         N/A       99%         3
 Anguish                  Hex/Necr       0%         N/A       100%        4
 Freezing Cloud           Conj/Ice/Air   0%         6-21      100%        5


Dungeon Overview and Level Annotations

Branches:
Dungeon (4/15)
 Temple: D:4-7

Altars:

Shops:
D:2 [


Message History

You cannot move.
You cannot move.
You cannot move.
You start resting.
You cannot move.
You start resting.
HP restored.
You feel less attractive to monsters.
You start resting.
Your transformation is almost over.
HP restored.
You feel less wooden.
Your +0 scale mail unmelds from your body.
You start waiting.
Done waiting.
Things that are here:
a +0 club; a kobold corpse You now have 206 gold pieces (gained 17).
d - a scroll of blinking 2 jellies come into view.
Found a fizzy blue potion.
The jelly quivers.
There are monsters nearby!
The jelly jiggles.
The jelly hits you but does no damage.
You hit the jelly. You burn the jelly. The acid corrodes you!
Your hands burn!
The jelly is lightly wounded.
You hit the jelly. You burn the jelly. The acid corrodes you!
Your hands burn!
The jelly hits you. The acid corrodes you!
You are splashed with acid!
The jelly hits you. The acid corrodes you!
You are splashed with acid!
You barely miss the jelly.
The jelly is lightly wounded.
You hit the jelly. You burn the jelly. The acid corrodes you!
Your hands burn!
The jelly hits you.
You are splashed with acid!
* * * LOW HITPOINT WARNING * * *
The jelly hits you.
* * * LOW HITPOINT WARNING * * *
You are splashed with acid!
* * * LOW HITPOINT WARNING * * *
The jelly attacks as you move away! The jelly hits you.
You die...

#<.#..........
##).##..##....# .....
##......#..#..## ..... .
##...##..#..#....
.#.......##....#....##..##.
.............#...........#.
......# ####...#...#.......
.......####....##.##.#...#.
.........J@..........##.##.
.........J###..............
........### ###############
......... ≈≈≈≈≈≈≈≈≈.
≈.......≈.# ≈.♣♣♣♣♣.≈.# ≈
..≈.# ♣!..#


You could see 2 jellies.

Vanquished Creatures
  6 gnolls
  4 adders
  A worm (D:2)
  8 endoplasms
  2 giant cockroaches (D:2)
  3 hobgoblins
  6 jackals
  4 kobolds
  4 quokkas
  6 ball pythons
  7 bats
  3 frilled lizards
  3 goblins
  6 rats
63 creatures vanquished.

Notes
Turn   | Place    | Note
-------+----------+-------------------------------------------
     0 | D:1      | lonewolfV2 the Hill Orc Fighter began the quest for the
                  | Orb.
     0 | D:1      | Reached XP level 1. HP: 19/19 MP: 1/1
   160 | D:1      | Reached XP level 2. HP: 27/27 MP: 2/2
   508 | D:1      | Reached XP level 3. HP: 34/34 MP: 3/3
   753 | D:2      | Identified the +6 mace of Compound Interest {freeze, rC+
                  | Str-5 Dex+2}
  1020 | D:2      | Reached XP level 4. HP: 41/41 MP: 4/4
  1087 | D:2      | Reached skill level 5 in Fighting
  1581 | D:2      | Found Juklosse's Armour Boutique.
  1715 | D:3      | Reached skill level 5 in Axes
  1774 | D:3      | Reached XP level 5. HP: 46/48 MP: 5/5
  2391 | D:4      | HP: 2/49 [acid (7)]
  2392 | D:4      | Slain by a jelly

Illustrated notes

Levels and vault maps discovered:
D:1:      dpeg_arrival_pits, layout_basic, hex_medium, minmay_misc_feat_tiny
D:2:      layout_loops_ring, serial_shops, shop, st_stairs_14
D:3:      layout_basic
D:4:      layout_rooms, mainiacjoe_overflow_brackets, trog_hazing_becter,
          grunt_ministairs_10, hangedman_decor_clover_reticule

Skill      XL: |  1  2  3  4 |
---------------+-------------+-----
Axes           | 3 4 5 |  5.4
Fighting       | 4 5 |  5.6
Armour         | |  3.2
Shields        | |  3.2

Action                     |  1- 3 |  4- 6 || total
---------------------------+-------+-------++-------
  Melee: War axe           |    89 |    69 ||   158
    Use: Scroll            |     3 |     5 ||     8
         Potion            |       |     5 ||     5
 Armour: Scale mail        |    50 |    20 ||    70
         Skin              |       |     4 ||     4
  Dodge: Dodged            |    63 |    23 ||    86
  Block: Buckler           |    23 |    36 ||    59
